 Dungeon Crawl Stone Soup version 0.20.1-1-g8b1a95d (webtiles) character file.

51824 cotteux the Severer (level 14, -5/129 HPs)
             Began as a Minotaur Berserker on Jan 22, 2019.
             Was a High Priest of Trog.
             Slain by a spectral spiny frog (12 damage)
             ... called from beyond by a ghost crab
             ... on level 1 of the Swamp on Jan 23, 2019.
             The game lasted 00:33:09 (15037 turns).

cotteux the Severer (Minotaur Berserker)           Turns: 15037, Time: 00:33:10

Health: -5/129     AC: 15    Str: 27    XL:     14   Next: 24%
Magic:  13/13      EV:  9    Int:  4    God:    Trog [*****.]
Gold:   1085       SH:  0    Dex: 10    Spells: 13/13 levels left

rFire    . . .     SeeInvis +   J - +4 battleaxe (venom)
rCold    . . .     Gourm    .   (shield currently unavailable)
rNeg     . . .     Faith    .   x - +0 plate armour
rPois    +         Spirit   .   (helmet restricted)
rElec    .         Reflect  .   (no cloak)
rCorr    .         Harm     .   i - +0 pair of gloves
MR       +....                  (no boots)
Stlth    ..........             l - amulet of regeneration
Regen    0.8/turn               h - ring of poison resistance
MPRegen  0.2/turn               y - ring of see invisible

@: berserk cooldown, slowed, heavily drained, very slow
A: retaliatory headbutt, horns 2
a: Berserk, Trog's Hand, Brothers in Arms, Burn Spellbooks, Renounce Religion


You were on level 1 of the Swamp.
You worshipped Trog.
Trog was extremely pleased with you.
You were very hungry.

You visited 3 branches of the dungeon, and saw 15 of its levels.

You collected 1085 gold pieces.


Innate Abilities, Weirdness & Mutations

You reflexively headbutt those who attack you in melee.
You have a pair of horns on your head.


   Skills:
 - Level 13.0(10.5) Fighting
 + Level 18.6(15.8) Axes
 - Level 11.7(9.3) Armour
 - Level 6.3(4.1) Dodging
 - Level 13.1(10.6) Shields


You had 13 spell levels left.
You didn't know any spells.

Inventory:

Hand Weapons
 v - a +2 broad axe of electrocution
 C - a +7 great mace
 F - a +2 broad axe of venom
 J - a +4 battleaxe of venom (weapon)
Missiles
 n - 8 tomahawks
 u - 2 silver javelins (quivered)
 w - 5 tomahawks of returning
 B - 7 javelins
Armour
 i - a +0 pair of gloves (worn)
 x - a +0 plate armour (worn)
 D - a +2 scale mail of cold resistance
 E - a +0 shield
 H - a +1 ring mail of cold resistance
Jewellery
 h - a ring of poison resistance (left hand)
 l - an amulet of regeneration (around neck)
 y - a ring of see invisible (right hand)
Wands
 a - a wand of disintegration (9/24)
 c - a wand of digging (1/24)
 g - a wand of digging (14/24)
 j - a wand of disintegration (19/24)
 I - a wand of iceblast (5/15)
Scrolls
 b - 6 scrolls of teleportation
 d - 6 scrolls of identify
 m - 7 scrolls of remove curse
 r - 2 scrolls of brand weapon
 t - a scroll of immolation {unknown}
Potions
 f - 13 potions of curing
 k - 4 potions of heal wounds
 A - 2 potions of haste
Comestibles
 e - 13 fruits
 o - 7 bread rations
 s - 7 meat rations
 G - 12 royal jellies

Dungeon Overview and Level Annotations

Branches:
Dungeon (8/15)             Temple (0/1) D:7            Lair (6/6) D:8
  Swamp (1/4) Lair:4       Spider (0/4) Lair:2        Slime (0/5) Lair:5

Altars:
Ashenzari
Cheibriados
Elyvilon
Makhleb
Nemelex Xobeh
Okawaru
Ru
Trog
Uskayaw
Vehumet
Xom
Jiyva

Annotations:
Lair:5 1 runed door


Message History

The spectral alligator bites you but does no damage.
The spectral alligator tail-slaps you.
You feel your anger subside.
The ghost crab breathes spectral mist at you.
The spectral mist engulfs the spectral alligator.
You are engulfed in spectral mist.
You are no longer berserk.
You are exhausted.
You feel yourself slow down.
The spectral alligator fades away!
You are engulfed in spectral mist.
The ghost crab bites you but does no damage.
The ghost crab closely misses you.
You open the ghost crab like a pillowcase!!!
You headbutt the ghost crab.
The ghost crab is severely damaged.
You barely miss the spectral tyrant leech.
You hit the spectral spiny frog but do no damage.
You are engulfed in spectral mist.
The spectral tyrant leech fades away!
The spectral spiny frog hits you!
You die...

~..7 7..77 7.77 ~~..7
7.~.777.7 7.~..7
7¤¤.77.77 .....7
77¤¤77.7 7.~~.7 7Z¤7.%7
~.~~.7 7¤~7..7 .~...7
7~...~7 .~~~~7 7t¤¤.77
..~7.7 7@Z7.7 ¤...~77 .
77¤¤¤.7 ~~~~..7
..77¤¤¤¤.7 .~.~~~7
~~..¤¤¤~~~.77
77~~~.777.~~7~..~~~..77
77~.....77~~~7~~.....~77
}..~.~.¤7~~~~~.~.7..~.~7
7.~~.~~~~~~~~~77.7~777~7
7..~~~7.7~~~~~7~77~7


777 You could see a ghost crab, a spectral spiny frog and a spectral swamp
drake.

Vanquished Creatures
  Snorg (Lair:3)
  Harold (Lair:1)
  A ghost crab (Swamp:1)
  10 hydras
  A two-headed ogre (D:8)
  2 catoblepae (Lair:6)
  3 death yaks (Lair:6)
  An alligator (Swamp:1)
  Urug (Lair:5)
  Pikel (D:5)
  A lindwurm (Lair:6)
  2 manticores (Lair:6)
  5 black mambas
  2 elephants (Lair:6)
  2 torpor snails (Lair:6)
  18 spiny frogs
  A rime drake (Lair:2)
  9 komodo dragons
  Prince Ribbit (D:6)
  3 tyrant leeches (Lair:4)
  A hornet (D:7)
  10 polar bears
  2 raiju (Lair:6)
  5 blink frogs
  6 hippogriffs
  A bog body (Swamp:1)
  9 dream sheep (Lair:6)
  Sigmund (D:4)
  31 yaks
  2 basilisks
  A hungry ghost (D:7)
  6 wargs (Lair:6)
  4 insubstantial wisps (Swamp:1)
  2 swamp worms (Swamp:1)
  Edmund (D:4)
  14 water moccasins
  13 hell hounds (Lair:6)
  11 porcupines
  Duvessa (D:4)
  2 sky beasts
  4 slaves (D:5)
  13 black bears
  6 necrophages (Lair:3)
  4 ogres
  19 wolves
  2 centaurs (D:6)
  11 crocodiles
  16 bullfrogs
  3 scorpions
  Dowan (D:4)
  A water moccasin skeleton (D:4)
  2 howler monkeys (D:7)
  3 crimson imps
  A bullfrog skeleton (D:7)
  A bullfrog zombie (D:7)
  An orc priest (D:4)
  2 hounds
  6 iguanas
  Natasha (D:2)
  A hell rat (Lair:6)
  5 worker ants
  2 hound skeletons
  11 gnolls
  7 adders
  2 oozes
  An adder zombie (D:6)
  An adder skeleton (D:4)
  2 worms
  2 dart slugs
  5 leopard geckos
  13 orcs
  4 bats
  7 giant cockroaches
  10 goblins
  10 hobgoblins
  11 jackals
  5 quokkas
  2 ball pythons (D:2)
  5 frilled lizards
  11 kobolds
  A leopard gecko skeleton (D:5)
  7 rats
  A butterfly (D:7)
  7 fungi
  11 plants
430 creatures vanquished.

Vanquished Creatures (collateral kills)
  A hydra (Lair:3)
  3 blink frogs (Lair:5)
  3 yaks (Lair:1)
  A crocodile (Lair:5)
8 creatures vanquished.

Vanquished Creatures (others)
  A bat (D:1)
  16 fungi (Lair:6)
  11 plants
28 creatures vanquished.

Grand Total: 466 creatures vanquished

Notes
Turn   | Place    | Note
-------+----------+-------------------------------------------
     0 | D:1      | cotteux the Minotaur Berserker began the quest for the Orb.
     0 | D:1      | Reached XP level 1. HP: 19/19 MP: 0/0
     0 | D:1      | 0 ||| counter = 206
   219 | D:1      | Reached skill level 4 in Axes
   278 | D:1      | Reached XP level 2. HP: 25/26 MP: 1/1
   445 | D:1      | Reached skill level 5 in Axes
   458 | D:1      | Reached XP level 3. HP: 31/31 MP: 2/2
   545 | D:1      | Reached ** piety under Trog
   850 | D:1      | 850 ||| READING 3 scrolls labeled ZOASSO IZXI.
   851 | D:1      | 851 ||| READING scroll labeled MEUTO TUR LOA.
   862 | D:1      | 862 ||| DROPPING club.
   863 | D:1      | 863 ||| READING scroll labeled CYUMAJ RAASIF.
   864 | D:1      | 864 ||| DRINKING 2 brown potions.
   884 | D:2      | 884 ||| STAIRDANCE
   981 | D:2      | Found an iron altar of Okawaru.
  1132 | D:2      | Noticed Natasha
  1137 | D:2      | 1137 ||| INVOKING Berserk.
  1139 | D:2      | Killed Natasha
  1139 | D:2      | Reached skill level 6 in Axes
  1139 | D:2      | Reached XP level 4. HP: 39/39 MP: 3/3
  1186 | D:2      | Found a faded altar of an unknown god.
  1555 | D:2      | 1555 ||| UPGRADING to pair of gloves.
  1560 | D:2      | 1560 ||| UPGRADING to leather armour.
  1570 | D:2      | 1570 ||| DROPPING +0 animal skin.
  1571 | D:2      | 1571 ||| UPGRADING to ring mail.
  1581 | D:2      | 1581 ||| DROPPING +0 leather armour.
  1582 | D:2      | 1582 ||| READING scroll labeled OFYURU PIEVUOVVUSH.
  1583 | D:2      | 1583 ||| READING scroll labeled ADYFEPREARR.
  1584 | D:2      | 1584 ||| READING 3 scrolls of identify.
  1584 | D:2      | 1584 ||| IDENTIFYING yellow potion
  1610 | D:3      | 1610 ||| STAIRDANCE
  1739 | D:3      | 1739 ||| DROPPING mace.
  1912 | D:3      | Reached *** piety under Trog
  2060 | D:3      | 2060 ||| INVOKING Burn Spellbooks.
  2062 | D:3      | Found a snail-covered altar of Cheibriados.
  2310 | D:3      | 2310 ||| UPGRADING to chain mail.
  2320 | D:3      | 2320 ||| DROPPING +0 ring mail.
  2321 | D:3      | 2321 ||| READING scroll labeled ONOTOUPTUQ.
  2322 | D:3      | 2322 ||| DRINKING 2 smoky pink potions.
  2323 | D:3      | 2323 ||| READING 2 scrolls of identify.
  2323 | D:3      | 2323 ||| IDENTIFYING large onyx ring
  2324 | D:3      | 2324 ||| UPGRADING to cursed ring of poison resistance.
  2325 | D:3      | 2325 ||| READING scroll of identify.
  2325 | D:3      | 2325 ||| IDENTIFYING large malachite amulet
  2326 | D:3      | 2326 ||| UPGRADING to amulet of regeneration.
  2327 | D:3      | 2327 ||| DROPPING potion of brilliance.
  2338 | D:4      | Noticed Duvessa
  2338 | D:4      | Noticed Dowan
  2339 | D:4      | 2339 ||| INVOKING Berserk.
  2343 | D:4      | Killed Dowan
  2343 | D:4      | Reached skill level 7 in Axes
  2343 | D:4      | Reached XP level 5. HP: 45/45 MP: 4/4
  2346 | D:4      | Killed Duvessa
  2346 | D:4      | Reached XP level 6. HP: 56/56 MP: 5/5
  2530 | D:4      | Reached skill level 8 in Axes
  2580 | D:4      | 2580 ||| INVOKING Berserk.
  2697 | D:4      | Found a hide-covered altar of Uskayaw.
  2698 | D:4      | Noticed Edmund
  2702 | D:4      | 2702 ||| INVOKING Berserk.
  2708 | D:4      | Killed Edmund
  2708 | D:4      | Reached skill level 9 in Axes
  2708 | D:4      | Reached XP level 7. HP: 61/61 MP: 6/6
  2911 | D:4      | Found a shattered altar of Ashenzari.
  2945 | D:4      | Noticed Sigmund
  2947 | D:4      | 2947 ||| INVOKING Berserk.
  2949 | D:4      | Reached skill level 3 in Armour
  2955 | D:4      | Killed Sigmund
  2955 | D:4      | Reached skill level 10 in Axes
  3330 | D:4      | 3330 ||| READING scroll labeled DIALAUKH RAELO.
  3331 | D:4      | 3331 ||| DRINKING 2 silvery potions.
  3332 | D:4      | 3332 ||| DROPPING potion of flight.
  3388 | D:4      | 3388 ||| EATING bread ration.
  3390 | D:5      | Entered Level 5 of the Dungeon
  3399 | D:5      | Reached skill level 6 in Fighting
  3404 | D:5      | Reached XP level 8. HP: 61/70 MP: 7/7
  3439 | D:5      | Found a white marble altar of Elyvilon.
  3556 | D:5      | Noticed Pikel
  3580 | D:5      | 3580 ||| INVOKING Berserk.
  3593 | D:5      | Killed Pikel
  3593 | D:5      | Reached skill level 11 in Axes
  3653 | D:5      | 3653 ||| UPGRADING to flail.
  3654 | D:5      | 3654 ||| SWAPPING to +0 hand axe.
  3655 | D:5      | 3655 ||| UPGRADING to runed whip.
  3656 | D:5      | 3656 ||| READING scroll of remove curse.
  3657 | D:5      | 3657 ||| SWAPPING to +0 hand axe.
  3658 | D:5      | 3658 ||| DROPPING -2 whip.
  3796 | D:5      | Reached **** piety under Trog
  3826 | D:5      | Found a burning altar of Makhleb.
  3827 | D:5      | Found a radiant altar of Vehumet.
  3965 | D:5      | 3965 ||| READING scroll labeled WUYMEKHL EPIOH.
  4123 | D:6      | Received a gift from Trog
  4123 | D:6      | Reached skill level 12 in Axes
  4290 | D:6      | Reached XP level 9. HP: 79/79 MP: 8/8
  4527 | D:6      | Found a shimmering altar of Xom.
  4528 | D:6      | 4528 ||| Stepping ~*~*~tactically~*~*~ (water).
  4534 | D:6      | 4534 ||| DRINKING 7 potions of curing.
  4534 | D:6      | 4534 ||| (to cure confusion)
  4572 | D:6      | Noticed Prince Ribbit
  4590 | D:6      | 4590 ||| INVOKING Berserk.
  4598 | D:6      | Killed Prince Ribbit
  4620 | D:6      | 4620 ||| EATING royal jelly.
  4933 | D:6      | 4933 ||| READING scroll labeled FYHEIG YROPHOA.
  4934 | D:6      | 4934 ||| READING 3 scrolls of identify.
  4934 | D:6      | 4934 ||| IDENTIFYING blue potion
  4935 | D:6      | 4935 ||| READING 2 scrolls of identify.
  4935 | D:6      | 4935 ||| IDENTIFYING sapphire potion
  4936 | D:6      | 4936 ||| DROPPING potion of invisibility.
  4937 | D:6      | 4937 ||| DROPPING potion of degeneration.
  4943 | D:7      | Paralysed by a hornet for 3 turns
  4947 | D:7      | 4947 ||| INVOKING Berserk.
  4950 | D:7      | Reached skill level 3 in Dodging
  5000 | D:7      | 5000 ||| EATING 3 meat rations.
  5115 | D:7      | Found a staircase to the Ecumenical Temple.
  5126 | D:7      | Found a sacrificial altar of Ru.
  5299 | D:7      | 5299 ||| INVOKING Burn Spellbooks.
  5541 | D:7      | Reached skill level 13 in Axes
  5811 | D:7      | 5811 ||| READING 6 scrolls of identify.
  5811 | D:7      | 5811 ||| IDENTIFYING diamond ring
  5812 | D:7      | 5812 ||| DROPPING ring of flight.
  5813 | D:7      | 5813 ||| READING 5 scrolls of identify.
  5813 | D:7      | 5813 ||| IDENTIFYING grey potion
  5814 | D:7      | 5814 ||| READING 4 scrolls of identify.
  5814 | D:7      | 5814 ||| IDENTIFYING emerald potion
  5815 | D:7      | 5815 ||| DROPPING potion of agility.
  5816 | D:7      | 5816 ||| DROPPING potion of ambrosia.
  5836 | D:8      | 5836 ||| STAIRDANCE
  5838 | D:7      | Reached skill level 9 in Fighting
  5843 | D:8      | Found a staircase to the Lair.
  5855 | D:8      | 5855 ||| INVOKING Berserk.
  5932 | D:8      | Reached skill level 6 in Armour
  5940 | D:8      | Reached XP level 10. HP: 48/91 MP: 9/9
  5954 | D:8      | 5954 ||| INVOKING Berserk.
  6117 | D:8      | Found a sparkling altar of Nemelex Xobeh.
  6197 | D:8      | 6197 ||| SWAPPING to broad axe.
  6204 | D:8      | 6204 ||| DROPPING +1 hand axe.
  6396 | D:8      | Reached skill level 14 in Axes
  6410 | D:8      | Noticed a two-headed ogre
  6416 | D:8      | 6416 ||| INVOKING Berserk.
  6418 | D:8      | Killed a two-headed ogre
  6590 | D:8      | Found a bloodstained altar of Trog.
  7087 | D:8      | 7087 ||| READING scroll labeled URPHOKH WOAGG.
  7096 | Lair:1   | Entered Level 1 of the Lair of Beasts
  7097 | Lair:1   | 7097 ||| Entered L.
  7100 | Lair:1   | 7100 ||| READING scroll of enchant weapon.
  7100 | Lair:1   | 7100 ||| ENCHANTING +0 broad axe.
  7193 | Lair:1   | Reached skill level 15 in Axes
  7195 | Lair:1   | Noticed a black mamba
  7198 | Lair:1   | 7198 ||| INVOKING Berserk.
  7199 | Lair:1   | Killed a black mamba
  7285 | Lair:1   | Noticed a spiny frog
  7288 | Lair:1   | 7288 ||| INVOKING Berserk.
  7292 | Lair:1   | Killed a spiny frog
  7366 | Lair:1   | Noticed Harold
  7371 | Lair:1   | 7371 ||| INVOKING Berserk.
  7379 | Lair:1   | Killed Harold
  7650 | Lair:1   | 7650 ||| INVOKING Burn Spellbooks.
  7684 | Lair:1   | Noticed an eight-headed hydra
  7684 | Lair:1   | 7684 ||| INVOKING Brothers in Arms.
  7685 | Lair:1   | 7685 ||| SWAPPING to +0 flail.
  7686 | Lair:1   | 7686 ||| INVOKING Berserk.
  7688 | Lair:1   | Reached XP level 11. HP: 99/99 MP: 10/10
  7692 | Lair:1   | Received a gift from Trog
  7693 | Lair:1   | Killed an eight-headed hydra
  7702 | Lair:1   | 7702 ||| SWAPPING to +1 broad axe.
  7957 | Lair:1   | 7957 ||| READING 3 scrolls labeled COETUA BAIPY.
  7958 | Lair:1   | 7958 ||| DROPPING +0 flail.
  7959 | Lair:1   | 7959 ||| READING 2 scrolls of brand weapon.
  7959 | Lair:1   | 7959 ||| BRANDING +1 broad axe of flaming.
  7960 | Lair:1   | 7960 ||| DRINKING 2 black potions.
  7961 | Lair:1   | 7961 ||| DROPPING potion of cancellation.
  7995 | Lair:2   | 7995 ||| INVOKING Berserk.
  8392 | Lair:2   | Found a hole to the Spider Nest.
  8522 | Lair:2   | 8522 ||| INVOKING Berserk.
  8697 | Lair:2   | 8697 ||| READING scroll labeled ZIUHET BEUN.
  8698 | Lair:2   | 8698 ||| READING scroll labeled XEOWEO AVAJI.
  8699 | Lair:2   | 8699 ||| READING 8 scrolls of identify.
  8699 | Lair:2   | 8699 ||| IDENTIFYING ring of poison resistance
  8774 | Lair:3   | 8774 ||| INVOKING Berserk.
  8775 | Lair:3   | Reached skill level 16 in Axes
  8848 | Lair:3   | 8848 ||| INVOKING Berserk.
  8885 | Lair:3   | Noticed a seven-headed hydra
  8886 | Lair:3   | 8886 ||| INVOKING Brothers in Arms.
  8888 | Lair:3   | 8888 ||| INVOKING Berserk.
  8889 | Lair:3   | Killed an eight-headed hydra
  8973 | Lair:3   | 8973 ||| INVOKING Berserk.
  9039 | Lair:3   | 9039 ||| READING scroll of enchant weapon.
  9039 | Lair:3   | 9039 ||| ENCHANTING +1 broad axe of electrocution.
  9133 | Lair:3   | 9133 ||| INVOKING Berserk.
  9287 | Lair:3   | Noticed Snorg
  9292 | Lair:3   | 9292 ||| INVOKING Berserk.
  9293 | Lair:3   | Reached skill level 17 in Axes
  9297 | Lair:3   | Killed Snorg
  9306 | Lair:3   | 9306 ||| EATING 6 fruits.
  9751 | Lair:3   | 9751 ||| UPGRADING to plate armour.
  9761 | Lair:3   | 9761 ||| DROPPING +0 chain mail.
  9820 | Lair:4   | 9820 ||| INVOKING Berserk.
  9868 | Lair:4   | 9868 ||| INVOKING Berserk.
  9881 | Lair:4   | Reached skill level 9 in Armour
  9924 | Lair:4   | 9924 ||| INVOKING Berserk.
 10022 | Lair:4   | Reached ***** piety under Trog
 10037 | Lair:4   | Reached XP level 12. HP: 69/110 MP: 11/11
 10095 | Lair:4   | Found a staircase to the Swamp.
 10379 | Lair:4   | 10379 ||| UPGRADING to whip.
 10380 | Lair:4   | 10380 ||| SWAPPING to +2 broad axe of electrocution.
 10468 | Lair:4   | Reached skill level 18 in Axes
 10674 | Lair:4   | 10674 ||| UPGRADING to tourmaline ring.
 10675 | Lair:4   | 10675 ||| READING scroll labeled MAGEM PIZIMIORCH.
 10676 | Lair:4   | 10676 ||| READING 7 scrolls of identify.
 10676 | Lair:4   | 10676 ||| IDENTIFYING fizzy dark potion
 10828 | Lair:5   | Noticed a seven-headed hydra
 10829 | Lair:5   | 10829 ||| INVOKING Brothers in Arms.
 10831 | Lair:5   | 10831 ||| SWAPPING to +0 whip.
 10832 | Lair:5   | 10832 ||| INVOKING Berserk.
 10838 | Lair:5   | Killed a seven-headed hydra
 10842 | Lair:5   | 10842 ||| SWAPPING to +2 broad axe of electrocution.
 10864 | Lair:5   | Noticed a seven-headed hydra
 10864 | Lair:5   | 10864 ||| INVOKING Brothers in Arms.
 10865 | Lair:5   | 10865 ||| INVOKING Berserk.
 10870 | Lair:5   | Killed a nine-headed hydra
 10925 | Lair:5   | Found a runed door.
 10925 | Lair:5   | Found a viscous altar of Jiyva.
 10925 | Lair:5   | Noticed an azure jelly
 10928 | Lair:5   | Found a staircase to the Slime Pits.
 10928 | Lair:5   | Noticed an azure jelly
 11256 | Lair:5   | Noticed Urug
 11266 | Lair:5   | Killed Urug
 11266 | Lair:5   | Reached skill level 12 in Fighting
 11363 | Lair:5   | Noticed a four-headed hydra
 11373 | Lair:5   | HP: 28/112 [ten-headed hydra (1)]
 11374 | Lair:5   | Killed a ten-headed hydra
 11802 | Lair:6   | Entered Level 6 of the Lair of Beasts
 11986 | Lair:6   | Reached skill level 6 in Dodging
 12182 | Lair:6   | Reached skill level 1 in Shields
 12242 | Lair:6   | Reached XP level 13. HP: 100/122 MP: 12/12
 12260 | Lair:6   | Reached skill level 3 in Shields
 12282 | Lair:6   | HP: 29/122 [seven-headed hydra (5)]
 12285 | Lair:6   | Received a gift from Trog
 12295 | Lair:6   | HP: 17/183 [black bear (3)]
 12305 | Lair:6   | HP: 14/183 [polar bear (8)]
 12310 | Lair:6   | HP: 10/122 [polar bear (1)]
 12311 | Lair:6   | Reached skill level 6 in Shields
 12691 | Lair:6   | Reached skill level 9 in Shields
 12954 | Lair:6   | HP: 43/183 [death yak (21)]
 12964 | Lair:6   | HP: 40/183 [lindwurm (7)]
 13185 | Lair:6   | Reached skill level 12 in Shields
 13323 | Lair:6   | Received a gift from Trog
 13785 | Lair:6   | Reached XP level 14. HP: 129/129 MP: 13/13
 14304 | Swamp:1  | Entered Level 1 of the Swamp
 14305 | Swamp:1  | 14305 ||| Entered S.
 14629 | Swamp:1  | HP: 44/193 [12-headed hydra (11)]
 14631 | Swamp:1  | HP: 16/193 [14-headed hydra (7)]
 15028 | Swamp:1  | HP: 43/193 [spectral alligator[a ghost crab] (9)]
 15032 | Swamp:1  | HP: 21/193 [ghost crab] (5)]
 15037 | Swamp:1  | HP: 6/129 [ghost crab] (4)]
 15037 | Swamp:1  | Slain by a spectral spiny frog

Vault maps used:
D:1:      shiori_arrival_elements
D:2:      lemuel_crystal_altar, chequers_ecumenical_altar_island, uniq_natasha
D:3:      nicolae_overflow_crystal_walls, st_stairs_4, minmay_item_behind_shaft
D:4:      lemuel_round_altar, cheibrodos_ashenzari_chains, minivault_27,
          uniq_sigmund, uniq_duvessa, uniq_edmund
D:5:      grunt_temple_overflow_lords_of_destruction, elyvilon_altar_5,
          first_bread, uniq_pikel
D:6:      tgw_xom, uniq_prince_ribbit1
D:7:      nicolae_ru_sacrificial_ziggurat, minmay_temple_entry_butterflies
D:8:      trog_ov_bears_minmay, minmay_lair_entry_grove,
          serial_co_window_serial, co_window_paths_b, co_window_corner_a,
          co_window_corner_a, co_window_corner_a, co_window_paths_b,
          co_window_of_opportunity_a, co_window_corner_a,
          co_window_unsneaky_path_e, co_window_2corner, co_window_broadway_b,
          co_window_unsneaky_path_c, nemelex_xobeh_ov_fountains_minmay
Lair:1:   uniq_harold
Lair:2:   spider_nest_entry_web_field, grunt_megastairs_4, lemuel_fruit_fields
Lair:3:   cheibrodos_lair_river_kwai, roderic_carrion_pond, uniq_snorg
Lair:4:   minmay_swamp_entry_worms
Lair:5:   slime_altar_2, grunt_megastairs_5, lemuel_fruit_fields, uniq_urug
Lair:6:   hangedman_lair_caniforms_friends, hangedman_lair_in_review,
          st_stairs_3, minivault_11, minivault_24, lemuel_fruit_tree
Swamp:1:  evilmike_swamp_ruin_house_4, swamp_pool2

Skill      XL: |  1  2  3  4  5  6  7  8  9 10 11 12 13 |
---------------+----------------------------------------+-----
Axes           | 4 5 6 7 9 10 12 13 15 17 18 | 18.6
Fighting       | 5 6 7 9 10 11 13 | 13.0
Armour         | 4 5 6 8 9 11 | 11.7
Dodging        | 3 5 6 |  6.3
Shields        | 2 13 | 13.1

Action                   |  1- 3 |  4- 6 |  7- 9 | 10-12 | 13-15 || total
-------------------------+-------+-------+-------+-------+-------++-------
Melee: Hand axe          |    82 |   119 |   237 |    43 |       ||   481
       Headbutt          |     9 |    16 |    51 |    88 |    86 ||   250
       Broad axe         |       |       |       |   362 |   286 ||   648
       Flail             |       |       |       |    12 |       ||    12
       Whip              |       |       |       |     6 |       ||     6
       Battleaxe         |       |       |       |       |    87 ||    87
Throw: Javelin           |       |       |    51 |    87 |     8 ||   146
       Tomahawk          |       |       |       |    15 |       ||    15
Invok: Berserk           |     1 |     3 |     5 |    17 |     5 ||    31
       Burn Spellbooks   |       |     1 |     1 |     1 |       ||     3
       Brothers in Arms  |       |       |       |     4 |       ||     4
  Use: Scroll            |     3 |     6 |     9 |    10 |     2 ||    30
       Potion            |     1 |     1 |     2 |     1 |       ||     5
  Eat: Chunk             |     1 |     7 |     4 |    35 |    12 ||    59
       Bread ration      |       |       |     1 |       |       ||     1
       Royal jelly       |       |       |     1 |       |     1 ||     2
       Meat ration       |       |       |     1 |       |       ||     1
       Fruit             |       |       |       |     1 |       ||     1
Armor: Animal skin       |    19 |     2 |       |       |       ||    21
       Ring mail         |       |     7 |       |       |       ||     7
       Chain mail        |       |    11 |    69 |    48 |       ||   128
       Plate armour      |       |       |       |   123 |   230 ||   353
       Scale mail        |       |       |       |       |    12 ||    12
Dodge: Dodged            |    42 |    42 |    66 |   126 |   134 ||   410
Block: Shield            |       |       |       |    10 |   152 ||   162
